 Dungeon Sprint DCSS version 0.29-a0-1006-g0dd7720b37 (webtiles) character file.

Game seed: 11017157404171335342

142 mhtbhm the Covered (level 5, -3/37 HPs)
             Began as a Gargoyle Fighter on Aug 6, 2022.
             Was an Initiate of Gozag.
             Slain by a komodo dragon (20 damage)
             ... in the Dungeon (Sprint IX: "|||||||||||||||||||||||||||||").
             The game lasted 00:00:40 (320 turns).

mhtbhm the Covered (Gargoyle Fighter)                Turns: 320, Time: 00:00:41

Health: -3/37      AC: 18    Str: 22    XL:     5   Next: 24%
Magic:  5/5        EV:  8    Int:  8    God:    Gozag
Gold:   0          SH:  5    Dex: 12    Spells: 4/4 levels left

rFire   . . .      SeeInvis .   a - +0 flail
rCold   . . .      Faith    .   c - +0 buckler
rNeg    + . .      Spirit   .   b - +1 chain mail
rPois   ∞          Reflect  .   (no helmet)
rElec   +          Harm     .   (no cloak)
rCorr   .          Rampage  .   (no gloves)
Will    .....      NoTele   +   k - +0 pair of boots
Stlth   ..........              (no amulet)
HPRegen 0.12/turn               l - +2 ring of protection
MPRegen 0.09/turn               m - +3 ring of dexterity

@: gold aura
A: sickness immunity, AC +4, negative energy resistance 1, electricity
resistance, torment resistance 1, petrification resistance
a: Renounce Religion, Potion Petition, Call Merchant, Bribe Branch


You were in the Dungeon.
You worshipped Gozag.
Gozag was noncommittal.
You visited 1 branch

Inventory:

Hand Weapons
 a - a +0 flail (weapon)
Armour
 b - a +1 chain mail (worn)
 c - a +0 buckler (worn)
 k - a +0 pair of boots (worn)
Jewellery
 l - a +2 ring of protection (left hand)
 m - a +3 ring of dexterity (right hand)
Wands
 i - a wand of acid (8)
Scrolls
 g - 2 scrolls of amnesia
 j - 2 scrolls of blinking
Potions
 d - a potion of invisibility
 e - 5 potions of curing
 f - 3 potions of heal wounds
 h - 4 potions of magic


   Skills:
 + Level 6.4 Fighting
 + Level 4.8 Maces & Flails
 + Level 6.6 Armour
 + Level 0.6 Dodging
 + Level 6.4 Shields


You had 4 spell levels left.
You didn't know any spells.
Your spell library was empty.

Dungeon Overview and Level Annotations

Branches:
Dungeon (1/1)

Altars:
Cheibriados
Dithmenos
Elyvilon
Fedhas
Gozag
Hepliaklqana
Kikubaaqudgha
Makhleb
Nemelex Xobeh
Okawaru
Qazlal
Ru
Sif Muna
Trog
Uskayaw
Vehumet
Wu Jian
Xom
Yredelemnul
Zin
The Shining One
Jiyva
Lugonu


Innate Abilities, Weirdness & Mutations

You are immune to sickness and miasma.
Your stone body is resilient. (AC +4)
You are immune to poison.
You resist negative energy. (rN+)
You are resistant to electric shocks. (rElec)
You are resistant to unholy torment.
You are immune to petrification.


Message History

You feel agile.
m - a +3 ring of dexterity (right hand)
You start resting.
HP restored.
You open the door.
A komodo dragon, a shadow, a yak, 2 orc wizards and a hornet come into view.
The komodo dragon hisses angrily.
The yak bellows!
The orc wizard shouts! x2
The shadow slips into darkness.
The shadow flickers and vanishes!
Deactivating autopickup; reactivate with Ctrl-A.
Unknown command.
Aiming: Corrosive Bolt
Press: ? - help, Shift-Dir - straight line, f - komodo dragon
Aim: a komodo dragon (79% to hit)
The bolt of acid hits the komodo dragon!
The acid corrodes the komodo dragon!
The komodo dragon is moderately wounded.
The bolt of acid hits the yak!
The acid corrodes the yak!
The yak is moderately wounded.
The bolt of acid hits the orc wizard!
The acid corrodes the orc wizard!
The orc wizard is heavily wounded.
The komodo dragon bites you!!
Ouch! That really hurt!
Unknown command.
Unknown command.
Aiming: Corrosive Bolt
Press: ? - help, Shift-Dir - straight line, f/p - komodo dragon
Aim: a komodo dragon (moderately wounded, covered in acid, 79% to hit)
The bolt of acid hits the komodo dragon!
The komodo dragon seems to be corroded for longer.
The komodo dragon is heavily wounded.
The bolt of acid hits something!
The bolt of acid hits the yak!
The yak seems to be corroded for longer.
The yak is heavily wounded.
The bolt of acid hits the orc wizard!
You kill the orc wizard!
The komodo dragon bites you!!
Ouch! That really hurt!
You die...
Your body crumbles into a pile of gold.

▓.▓
$
▓.▓
$
▓)▓
$
▓.▓
$
▓.▓
▓[▓
$
▓[▓
▓.▓
$
▓@▓
▓l▓
$
▓.▓
▓.▓
$
▓Y▓
$
▓$▓
$ $
▓o▓
$
▓y▓
$


You could see a komodo dragon (corroded), a yak (corroded), a hornet and an orc
wizard.

Vanquished Creatures
  An ogre (D)
  2 iguanas (D)
  An orc wizard (D)
  2 orcs (D)
  An endoplasm (D)
  A goblin (D)
  A kobold (D)
  A quokka (D)
  A frilled lizard (D)
11 creatures vanquished.

Notes
Turn   | Place    | Note
-------+----------+-------------------------------------------
     0 | D        | mhtbhm the Gargoyle Fighter began the quest for the Orb.
     0 | D        | Reached XP level 1. HP: 14/14 MP: 1/1
   124 | D        | Noticed an iguana
   124 | D        | Noticed an iguana
   124 | D        | Noticed an ogre
   131 | D        | Reached XP level 2. HP: 20/20 MP: 2/2
   138 | D        | Reached skill level 5 in Shields
   138 | D        | Reached XP level 3. HP: 25/25 MP: 3/3
   146 | D        | Reached skill level 5 in Fighting
   146 | D        | Reached skill level 5 in Armour
   146 | D        | Reached XP level 4. HP: 14/31 MP: 4/4
   149 | D        | Killed an ogre
   150 | D        | Reached XP level 5. HP: 18/37 MP: 5/5
   155 | D        | Found a snail-covered altar of Cheibriados.
   155 | D        | Found a shadowy altar of Dithmenos.
   155 | D        | Found a white marble altar of Elyvilon.
   155 | D        | Found a blossoming altar of Fedhas.
   155 | D        | Found an opulent altar of Gozag.
   156 | D        | Found a hazy altar of Hepliaklqana.
   157 | D        | Found a viscous altar of Jiyva.
   158 | D        | Found an ancient bone altar of Kikubaaqudgha.
   159 | D        | Found a corrupted altar of Lugonu.
   160 | D        | Found a burning altar of Makhleb.
   161 | D        | Found a sparkling altar of Nemelex Xobeh.
   162 | D        | Found an iron altar of Okawaru.
   163 | D        | Found a stormy altar of Qazlal.
   164 | D        | Found a sacrificial altar of Ru.
   165 | D        | Found a shimmering blue altar of Sif Muna.
   166 | D        | Found a bloodstained altar of Trog.
   167 | D        | Found a hide-covered altar of Uskayaw.
   168 | D        | Found a radiant altar of Vehumet.
   169 | D        | Found an ornate altar of the Wu Jian Council.
   177 | D        | Became a worshipper of Gozag Ym Sagoz the Greedy
   185 | D        | Found a shimmering altar of Xom.
   186 | D        | Found a basalt altar of Yredelemnul.
   187 | D        | Found a glowing silver altar of Zin.
   188 | D        | Found a glowing golden altar of the Shining One.
   318 | D        | Noticed a komodo dragon
   318 | D        | Noticed a shadow
   318 | D        | Noticed a yak
   318 | D        | Noticed a hornet
   320 | D        | Slain by a komodo dragon

Illustrated notes

Levels and vault maps discovered:
D:        linesprint [early_d, line_temple, items_1, d_10, items_2, lair_1,
          lair_end, items_3, orc_1, orc_end, items_4, d_15, swamp_1, shoals_1,
          snake_1, spider_1, d_20, vaults_1, items_5, swamp_end, shoals_end,
          snake_end, spider_end, vaults_end, d_27, items_6, zot_1, zot_end,
          crypt_end, forest_end, elf_end, slime_end, tomb_end, abyss_end,
          pan_hell_end]

Skill      XL: |  1  2  3  4 |
---------------+-------------+-----
Shields        | 4 5 6 |  6.4
Fighting       | 4 5 6 |  6.4
Maces & Flails | 3 4 |  4.8
Armour         | 4 5 6 |  6.6
Dodging        | |  0.6

Action                   |  1- 3 |  4- 6 || total
-------------------------+-------+-------++-------
Melee: Flail             |    27 |     3 ||    30
Evoke: Wand              |       |     2 ||     2
  Use: Potion            |     3 |       ||     3
Armor: Scale mail        |     5 |     1 ||     6
Dodge: Dodged            |    13 |       ||    13
Block: Buckler           |     6 |     1 ||     7

Table legend: (Time is in decaauts)
 A = Elapsed time spent in this place.
 B = Non-inter-level travel time spent in this place.
 C = Inter-level travel time spent in this place.
 D = Time resting spent in this place.
 E = Time spent auto-exploring this place.
 F = Levels seen in this place.
 G = Mean time per level.
                   A        B        C        D        E       F      G
               +--------+--------+--------+--------+--------+-----+--------+
         Total |    315 |    315 |      0 |     79 |    112 |   1 |  315.0 |
       Dungeon |    315 |    315 |      0 |     79 |    112 |   1 |  315.0 |
               +--------+--------+--------+--------+--------+-----+--------+

Top non-repeatable levels by time:
       D: 315 daAuts
